Map: Dasan Station LE

Players

soul

  • Race: Terran Terran
  • League: Grandmaster
  • Spawn Location: 12:00

Matiz - Winner!

  • Race: Zerg Zerg
  • League: Grandmaster
  • Spawn Location: 6:00

VOD

Have the link to the VOD?

Description

Time

  • Played on: Nov. 12, 2016, 1:58 p.m.
  • Length: 5:16
Show
View Real Time Build Order
Export as new Build Order

soul Terran 

Build Orders:  

Get SALT Encoding   

  12  0:00  SCV  
  13  0:12  SCV  
  14  0:19  Supply Depot  
  14  0:25  SCV  
  15  0:40  SCV  
  15  0:41  Barracks  
  16  0:45  Refinery  
  16  0:52  SCV  
  17  0:59  Barracks  
  17  1:04  SCV  
  18  1:17  SCV  
  19  1:28  Reaper  
  19  1:29  Orbital Command  
  20  1:35  Barracks  
  20  1:42  Refinery  
  20  1:47  Reaper  
  21  1:52  Supply Depot  
  21  2:03  SCV  
  21  2:05  Reaper  
  23  2:16  SCV  
  23  2:19  Reaper  
  25  2:24  Reaper  
  25  2:28  SCV  
  25  2:29  Supply Depot  
  27  2:38  Reaper  
  27  2:40  SCV  
  28  2:51  Reaper  
  28  2:52  SCV, Supply Depot  
  28  2:57  Reaper  
  31  3:00  Supply Depot  
  31  3:05  SCV  
  32  3:11  Supply Depot  
  32  3:23  Reaper  
  33  3:32  Reaper  
  33  3:39  Bunker  
  32  3:47  Reaper  
  30  3:51  SCV  
  32  3:55  Reaper  
  32  3:58  Bunker  
  31  4:03  SCV  
  30  4:15  SCV  
  30  4:19  Reaper, Supply Depot  
  31  4:25  Bunker  
  31  4:27  Reaper, SCV  
  32  4:39  SCV  
  33  4:51  SCV  
  26  5:03  SCV  
Show
View Real Time Build Order
Export as new Build Order

Matiz Zerg - Winner!

Build Orders: Pool Only, Ravager All-In 

Get SALT Encoding   

  12  0:00  Drone  
  13  0:22  Spawning Pool  
  13  0:25  Drone  
  13  0:29  Drone  
  13  0:34  Extractor  
  13  0:35  Drone  
  14  0:44  Overlord  
  14  0:53  Extractor  
  14  0:54  Drone  
  14  1:05  Drone  
  14  1:11  Roach Warren  
  14  1:21  Overlord  
  14  1:50  Roach x2  
  14  1:51  Roach  
  20  2:03  Roach  
  22  2:11  Ravager x3  
  22  2:14  Roach  
  27  2:26  Roach  
  29  2:36  Overlord  
  29  2:47  Ravager  
  32  2:58  Roach x2  
  34  3:15  Overlord  
  34  3:38  Roach  
  36  3:50  Ravager  
  36  3:51  Ravager  
  36  3:53  Roach x2  
  38  4:15  Roach x3  
  44  4:26  Roach  
  46  4:37  Overlord  
Tags
 
Add a new tag
Caveats
  • Supply blocks, unpowered buildings, or Contaminate may cause inaccurate times.
  • Supply counts are checked every 10 seconds.